 Dungeon Crawl Stone Soup version 0.31-a0-167-g1c394c0614 (webtiles) character file.

Game seed: 11397018475447576510

147 lunkers the Digger (level 5, 0/38 HPs)
             Began as a Meteoran Earth Elementalist on June 14, 2023.
             Slain by an orc
             ... wielding a +0 hand axe
              (1 damage)
             ... on level 3 of the Dungeon.
             The game lasted 00:02:48 (1172 turns).

lunkers the Digger (Meteoran Earth Elementalist)    Turns: 1172, Time: 00:02:48

Health: 0/38       AC:  4    Str:  9    XL:     5   Next: 85%
Magic:  9/12       EV: 12    Int: 19    God:
Gold:   109        SH:  0    Dex: 14    Spells: 11/12 levels left

rFire   . . .        (no weapon)
rCold   . . .        (no shield)
rNeg    . . .        a - +0 robe
rPois   .            (no helmet)
rElec   .            n - +0 cloak
rCorr   .            (no gloves)
SInv    .            k - +0 pair of boots
Will    .....        (no amulet)
Stlth   +            (no ring)
HPRegen 0.26/turn    (no ring)
MPRegen 0.13/turn

%: no passive effects
@: glowing
A: sense surroundings 1, otherworldly, glowing, explore regen
a: no special abilities


You were on level 3 of the Dungeon.
You visited 1 branch of the dungeon, and saw 3 of its levels.

You collected 109 gold pieces.

Inventory:

Armour
 a - a +0 robe (worn)
 k - a +0 pair of boots (worn)
 n - a +0 cloak (worn)
Scrolls
 c - a scroll of teleportation {unknown}
 d - 2 scrolls of identify {unknown}
 e - a scroll of enchant weapon {unknown}
 f - a scroll of fog {unknown}
 g - 2 scrolls of fear {unknown}
 j - 2 scrolls of vulnerability {unknown}
 m - 2 scrolls of revelation {unknown}
 o - a scroll of butterflies {unknown}
Potions
 b - 3 potions of magic
 h - a potion of ambrosia {unknown}
 i - a potion of heal wounds {unknown}
 l - 2 potions of degeneration {unknown}


   Skills:
 - Level 2.4 Dodging
 - Level 1.4 Stealth
 + Level 4.3 Spellcasting
 - Level 1.2 Transmutations
 * Level 6.1 Earth Magic


You had 11 spell levels left.
You knew the following spells:

 Your Spells              Type           Power      Damage    Failure   Level
a - Sandblast             Erth           54%        2d13      1%          1

Your spell library contained the following spells:

 Spells                   Type           Power      Damage    Failure   Level
 Passwall                 Tmut/Erth      15%        N/A       4%          2
 Stone Arrow              Conj/Erth      30%        3d8       12%         3
 Kiss of Death            Conj/Necr      16%        2d6       13%         1
 Necrotise                Necr           16%        1d4       13%         1
 Petrify                  Tmut/Erth      18%        N/A       28%         4
 Confusing Touch          Hex            4%         N/A       36%         3
 Vampiric Draining        Necr           4%         2d6       36%         3
 Dispel Undead            Necr           4%         3d7       78%         4
 Agony                    Necr           4%         N/A       98%         5


Dungeon Overview and Level Annotations

Branches:
Dungeon (3/15) Zot: 1042

Altars:

Shops:
D:3 [


Innate Abilities, Weirdness & Mutations

You passively map a small area around you.
You are easily found by Zot.
You glow in the dark.
You regain HP and MP as you explore.


Message History

The orc wizard hits you with a +0 dagger.
The orc wizard casts a spell at you. The puff of flame hits you!
* * * LOW HITPOINT WARNING * * *
You bump into the rock wall.
The orc hits you with a +0 hand axe.
* * * LOW HITPOINT WARNING * * *
You feel less confused. The orc wizard casts a spell at you.
The magic dart hits you.
* * * LOW HITPOINT WARNING * * *
The orc wizard hits you with a +0 dagger.
* * * LOW HITPOINT WARNING * * *
The orc barely misses you. The orc wizard casts a spell at you.
The magic dart hits you.
* * * LOW HITPOINT WARNING * * *
The orc attacks as you move away! The orc closely misses you.
There is a stone staircase leading up here.
Aiming: Sandblast (safe; 1% risk of failure)
Press: ? - help, Q - select action Shift-Dir - straight line, f/p - orc wizard
Aim: an orc wizard, wielding a +0 dagger and wearing a +0 robe (almost dead, 79% to hit)
The blast of sand hits the orc wizard!!
You kill the orc wizard!
Your Earth Magic skill increases to level 6!
Unknown command.
Aiming: Sandblast (safe; 1% risk of failure)
Press: ? - help, Q - select action Shift-Dir - straight line, f - orc
Aim: an orc, wielding a +0 hand axe (83% to hit)
The blast of sand hits the orc!!
You kill the orc!
The orc hits you but does no damage. The orc hits you with a +0 hand axe.
* * * LOW HITPOINT WARNING * * *
Aiming: Sandblast (safe; 1% risk of failure)
Press: ? - help, Q - select action Shift-Dir - straight line, f - orc
Aim: an orc, wielding a +0 hand axe and wearing a +0 scale mail (85% to hit)
The blast of sand hits the orc but does no damage.
The orc hits you from afar with a +0 trident.
* * * LOW HITPOINT WARNING * * *
The orc hits you with a +0 hand axe.
You die...

, #.# * #...∩... #,*
..# #....### # #. #.#
###..##. .#.#.###.#
*, ###.)...
.........#####.#
#######.
...............## *
#.
,#.#...o...........#
#. * *
#.###o#########.# #.
* # * #@# #.#####. ,
, , #.# #.##.... , ,
* #.# #.##.##. *, ,*
#.# #.##.### ,* #.#
#.##.# ,
,#.#########.##.# , ,
* #..#..............#
#..#########......###
# #..# #..#
#)#.#.....


You could see 2 orcs.

Vanquished Creatures
  An iguana (D:2)
  An orc wizard (D:3)
  4 gnolls (D:2)
  An adder (D:2)
  3 dart slugs
  An orc (D:3)
  2 ball pythons
  An endoplasm (D:2)
  2 giant cockroaches
  5 hobgoblins
  3 jackals (D:2)
  A quokka (D:2)
  6 bats
  A frilled lizard (D:2)
  6 goblins
  4 kobolds
  3 rats (D:2)
45 creatures vanquished.

Notes
Turn   | Place    | Note
-------+----------+-------------------------------------------
     0 | D:1      | lunkers the Meteoran Earth Elementalist began the quest for
                  | the Orb.
     0 | D:1      | Reached XP level 1. HP: 14/14 MP: 5/5
    98 | D:1      | Reached XP level 2. HP: 20/20 MP: 3/6
   150 | D:1      | Reached skill level 4 in Earth Magic
   241 | D:2      | Reached XP level 3. HP: 26/26 MP: 4/8
   266 | D:2      | Reached XP level 4. HP: 33/33 MP: 7/10
   297 | D:2      | Reached skill level 5 in Earth Magic
   360 | D:2      | Reached XP level 5. HP: 8/38 MP: 2/11
   863 | D:3      | Found Neplae's Antique Armour Shop.
  1171 | D:3      | Reached skill level 6 in Earth Magic
  1172 | D:3      | HP: 1/38 [orc/+0 trident (6)]
  1172 | D:3      | Slain by an orc

Illustrated notes

Levels and vault maps discovered:
D:1:      onia_arrival_mini_spirals, layout_basic, minmay_misc_feat_ornament
D:2:      minmay_door_path, layout_loops_ring,
          ebering_ecumenical_altar_sacrificial, minmay_quantized
D:3:      layout_loops_ring, serial_shops, nicolae_square_shop

Skill      XL: |  1  2  3  4  5 |
---------------+----------------+-----
Earth Magic    | 4 5 6 |  6.1
Spellcasting   | 3 4 |  4.3
Dodging        | |  2.4
Stealth        | |  1.4
Transmutations | |  1.2

Action                     |  1- 3 |  4- 6 || total
---------------------------+-------+-------++-------
  Melee: Unarmed           |       |     1 ||     1
   Cast: Sandblast         |    25 |    45 ||    70
 Armour: Robe              |     3 |     4 ||     7
  Dodge: Dodged            |    14 |    12 ||    26

Table legend: (Time is in decaauts)
 A = Elapsed time spent in this place.
 B = Non-inter-level travel time spent in this place.
 C = Inter-level travel time spent in this place.
 D = Time resting spent in this place.
 E = Time spent auto-exploring this place.
 F = Levels seen in this place.
 G = Mean time per level.
                   A        B        C        D        E       F      G
               +--------+--------+--------+--------+--------+-----+--------+
         Total |   1206 |   1125 |     81 |      0 |    776 |   3 |  402.0 |
       Dungeon |   1206 |   1125 |     81 |      0 |    776 |   3 |  402.0 |
               +--------+--------+--------+--------+--------+-----+--------+

Top non-repeatable levels by time:
     D:2: 548 daAuts
     D:3: 410 daAuts
     D:1: 246 daAuts
